AoeStats
← VIT | Hera

Arabia

503366605Analyzed
1v1 RM · 1mo ago on Aug 31, 2026· 48m 52s· 2 players
Game mode
Random Map
Map size
Tiny (2 player)
Population
200
Speed
Normal
Resources
Standard
Victory
Conquest
Starting age
Dark Age
Ending age
Imperial Age
RankedLock teamsTeams togetherTeam positionsShared explorationLock speedFull tech treeHidden civsTurbo modeCheats
Victory
Defeat
🇨🇳 Maya · China
968
+15
🇺🇸 Koreans · United States
957
-15
VadoseGoblin
6:46 Loom
9:32 Feudal Age
10:24 Double-Bit Axe
13:36 Wheelbarrow
19:16 Castle Age
18:37 Man-at-Arms
20:01 Fletching
20:01 Crossbowman
20:40 Horse Collar
21:35 Bodkin Arrow
22:52 Long Swordsman
23:18 Gambesons
23:34 Squires
27:14 Ballistics
29:55 Thumb Ring
30:25 Bow Saw
30:39 Arson
31:57 Heavy Plow
32:30 Town Watch
33:24 Hand Cart
33:16 Gold Mining
33:16 Stone Mining
37:49 Imperial Age
36:53 Eupseong
39:37 Chemistry
38:43 Siege Engineers
38:15 Arbalester
38:57 Bracer
38:58 Scale Mail Armor
38:20 Two-Handed Swordsman
39:35 Champion
42:13 Chain Mail Armor
46:02 Plate Mail Armor
45:43 Forging
VIT | Hera
0:29 Loom
9:17 Feudal Age
10:51 Double-Bit Axe
11:24 Horse Collar
11:37 Gold Mining
16:02 Fletching
17:43 Wheelbarrow
21:14 Castle Age
20:59 Padded Archer Armor
22:33 Hand Cart
22:29 Bow Saw
22:38 Heavy Plow
24:00 Elite Skirmisher
25:08 Crossbowman
26:29 Stone Mining
27:09 Bodkin Arrow
28:18 Thumb Ring
32:07 Leather Archer Armor
33:22 Ballistics
34:24 Stone Shaft Mining
37:00 Imperial Age
35:44 Hul'che Javelineers
35:54 Treadmill Crane
36:31 Scale Mail Armor
37:11 Forging
37:40 Eagle Warrior
38:06 Arson
38:21 Squires
38:09 Arson
38:30 Bracer
39:01 Ring Archer Armor
39:21 Conscription
39:15 Squires
40:36 Chemistry
40:09 Elite Eagle Warrior
40:35 Arson
41:08 Chain Mail Armor
41:28 Iron Casting
42:24 Masonry
42:46 Plate Mail Armor
43:00 Holcans
45:09 Blast Furnace
43:41 Elite Plumed Archer
44:59 Hoardings
45:57 Architecture
45:23 Murder Holes
Connection lost

Rejoining the realm…

Still unreachable

The connection could not be restored.

Session expired

The server has moved on; the page needs a fresh start.